[Event "GER-ch Blitz 2019"]
[Site "Magdeburg"]
[Date "2019.05.25"]
[Round "19.3"]
[White "Braeuning, Rudolf Wilhelm"]
[Black "Krause, Benedict"]
[Result "1/2-1/2"]
[ECO "B22"]
[WhiteElo "2285"]
[BlackElo "2434"]
[Annotator "NA"]
[PlyCount "75"]
[EventDate "2019.05.25"]
[EventType "tourn"]
[EventCountry "GER"]
[Tiebreak "Number of wins+Number of black wins"]
[SourceTitle "playchess.com"]
[Source "ChessBase"]
[SourceQuality "1"]
[TimeControl "180+2"]

1. e4 c5 2. c3 d5 3. exd5 Qxd5 4. d4 e6 5. Nf3 Nf6 6. Na3 Nc6 7. Be3 cxd4 8. Nb5 Qd8 9. Nbxd4 Nd5 10.
Nxc6 bxc6 11. Bd4 f6 12. Bc4 Bd6 13. O-O O-O 14. Re1 Kh8 15.
Qa4 Qc7 16. Bf1 e5 17. Be3 Nxe3 18. Rxe3 Bc5 19. Ree1 Qb6 20. Qh4 Bf5 21. b4 Bd6 22. Nd2 Qc7 23. Ne4 Be7 24. Rad1 a5 25. a3 axb4 26. axb4 Bg6 27. Nc5 Bxc5 28. bxc5 Rad8 29. h3 Qe7 30. Qb4 Rb8 31. Qa5 Rfd8 32.
g3 Rxd1 33. Rxd1 Be4 34. Bg2 Bxg2 35. Kxg2 h6 36. Rd6 Rc8 37. Qb6 Qe8 38. Qb7 1/2-1/2

[Event "GER-ch Blitz 2019"]
[Site "Magdeburg"]
[Date "2019.05.25"]
[Round "19.4"]
[White "Schneider, Ilja"]
[Black "Voege, Tobias"]
[Result "1-0"]
[ECO "D07"]
[WhiteElo "2494"]
[BlackElo "2294"]
[Annotator "ChessBase"]
[PlyCount "89"]
[EventDate "2019.05.25"]
[EventType "tourn"]
[EventCountry "GER"]
[Tiebreak "Number of wins+Number of black wins"]
[SourceTitle "playchess.com"]
[Source "ChessBase"]
[SourceQuality "1"]
[TimeControl "180+2"]

1. d4 d5 2. c4 Nc6 3. Nf3 Bg4 4. Nc3 e6 5. cxd5 exd5 6. Qb3 Bb4 7. Ne5 Nxd4 8. Qd1 Nc6 9. Nxg4 h5 10. Ne3 d4 11. Bd2 dxc3 12. Bxc3 Bxc3+ 13. bxc3 Nge7 14. g3 h4 15. Bg2 hxg3 16. hxg3 Rxh1+ 17. Bxh1 Qxd1+ 18. Kxd1 O-O-O+ 19. Kc2 Rh8 20. Be4 g6 21. g4 Rh2 22. Rf1 Ne5 23.
g5 Rh4 24. f4 Ng4 25. Nxg4 Rxg4 26. Kd3 c6 27. e3 Kd7 28. Rh1 Nc8 29. Bf3 Rg3 30. Ke2 Nd6 31. Kf2 Rxf3+ 32. Kxf3 Nb5 33. c4 Nd6 34. c5 Nb5 35. Rh7 Ke6 36. Rh8 Nc3 37. Re8+ Kd7 38. Rb8 Nxa2 39. Rxb7+ Ke6 40. Rxa7 Nb4 41. Ke4 Nd5 42. Ra6 Kd7 43. Kd4 Nc7 44. Ra7 Kd8 45. Rxc7 1-0

[Event "GER-ch Blitz 2019"]
[Site "Magdeburg"]
[Date "2019.05.25"]
[Round "19.5"]
[White "Feuerstack, Aljoscha"]
[Black "Carow, Johannes"]
[Result "1-0"]
[ECO "B10"]
[WhiteElo "2441"]
[BlackElo "2445"]
[Annotator "NA"]
[PlyCount "35"]
[EventDate "2019.05.25"]
[EventType "tourn"]
[EventCountry "GER"]
[Tiebreak "Number of wins+Number of black wins"]
[SourceTitle "playchess.com"]
[Source "ChessBase"]
[SourceQuality "1"]
[TimeControl "180+2"]

1. e4 c6 2. c4 d5 3. cxd5 cxd5 4. exd5 Nf6 5. Nc3 Nxd5 6. Nf3 Nc6 7. Bb5 e6 8. O-O Be7 9. d4 O-O 10. Re1 Nxc3 11. bxc3 Na5 12. Ne5 b6 13. Qg4 a6 14. Bd3 Bf6 15. Qe4 g6 16. Qxa8 Qc7 17. Qf3 Qxc3 18. Bh6 1-0

[Event "GER-ch Blitz 2019"]
[Site "Magdeburg"]
[Date "2019.05.25"]
[Round "19.7"]
[White "Koch, Thomas"]
[Black "Stern, Rene"]
[Result "1/2-1/2"]
[ECO "D52"]
[WhiteElo "2474"]
[BlackElo "2538"]
[Annotator "ChessBase"]
[PlyCount "31"]
[EventDate "2019.05.25"]
[EventType "tourn"]
[EventCountry "GER"]
[Tiebreak "Number of wins+Number of black wins"]
[SourceTitle "playchess.com"]
[Source "ChessBase"]
[SourceQuality "1"]
[TimeControl "180+2"]

1. d4 d5 2. c4 e6 3. Nc3 Nf6 4. Bg5 Nbd7 5. e3 c6 6. Nf3 Qa5 7. Nd2 dxc4 8. Bxf6 Nxf6 9. Nxc4 Qc7 10. Be2 Be7 11. Rc1 O-O 12. O-O Rd8 13. Qc2 Bd7 14. Bf3 Be8 15. Rfd1 Rac8 16. Ne4 1/2-1/2

[Event "GER-ch Blitz 2019"]
[Site "Magdeburg"]
[Date "2019.05.25"]
[Round "19.8"]
[White "Hirneise, Jens"]
[Black "Baskin, Robert"]
[Result "1/2-1/2"]
[ECO "B90"]
[WhiteElo "2375"]
[BlackElo "2398"]
[Annotator "NA"]
[PlyCount "157"]
[EventDate "2019.05.25"]
[EventType "tourn"]
[EventCountry "GER"]
[Tiebreak "Number of wins+Number of black wins"]
[SourceTitle "playchess.com"]
[Source "ChessBase"]
[SourceQuality "1"]
[TimeControl "180+2"]

1. e4 c5 2. Nf3 d6 3. d4 cxd4 4. Nxd4 Nf6 5. Nc3 a6 6. Bd3 Nc6 7. Nxc6 bxc6 8. O-O e5 9. b3 Be7 10. Bb2 O-O 11. Na4 Be6 12.
c4 Nd7 13. Qe2 Bg5 14. Rad1 Qe7 15. Ba3 Rad8 16. c5 Nxc5 17. Bxc5 dxc5 18. Bxa6 Rd4 19. Rd3 Rfd8 20. Rc3 Rd2 21. Qf3 Rxa2 22. Bc4 Bd2 23. Bxe6 Qxe6 24. Rd3 Rxd3 25. Qxd3 Qe7 26. Qe2 Qd6 27. Rd1 g6 28. g3 Qd4 29. Nxc5 Qxc5 30. Rxd2 Qc1+ 31. Rd1 Rxe2 32. Rxc1 Rxe4 33. Rxc6 Re1+ 34. Kg2 Rb1 35. Rc5 e4 36. Rb5 Kg7 37. b4 h5 38. h4 Kf6 39. Rb6+ Ke5 40. Rb7 f5 41. b5 Rb2 42. Kg1 e3 43. fxe3 Ke4 44.
Kf1 Kf3 45. Ke1 Kxg3 46. Rg7 Kxh4 47. Rxg6 Rxb5 48. Kf2 Rb4 49. Kf3 Rg4 50. Ra6 Kg5 51. Ra8 Kf6 52. Rh8 Kg6 53. Rg8+ Kh7 54. Rf8 Kg6 55. Rg8+ Kf6 56. Rh8 Kg5 57. Rg8+ Kh4 58. Rf8 Rg3+ 59. Kf2 Rg5 60. Kf3 Kh3 61. Kf4 Rg1 62. Rh8 h4 63. Kxf5 Kg3 64. Rg8+ Kh2 65. Rh8 h3 66. e4 Kg2 67. Rg8+ Kf2 68. Rh8 Kg2 69. Rg8+ Kh1 70. Rh8 h2 71. e5 Kg2 72. e6 Rf1+ 73. Ke5 Rf8 74.
Rxh2+ Kxh2 75. e7 Rh8 76. Kd6 Kg3 77. Kd7 Rh7 78. Kd8 Rxe7 79.
Kxe7 1/2-1/2

[Event "GER-ch Blitz 2019"]
[Site "Magdeburg"]
[Date "2019.05.25"]
[Round "19.9"]
[White "Buhmann, Rainer"]
[Black "Frischmann, Rick"]
[Result "1-0"]
[ECO "D07"]
[WhiteElo "2573"]
[BlackElo "2320"]
[Annotator "ChessBase"]
[PlyCount "75"]
[EventDate "2019.05.25"]
[EventType "tourn"]
[EventCountry "GER"]
[Tiebreak "Number of wins+Number of black wins"]
[SourceTitle "playchess.com"]
[Source "ChessBase"]
[SourceQuality "1"]
[TimeControl "180+2"]

1. d4 d5 2. c4 Nc6 3. Nf3 Bg4 4. e3 e5 5. dxe5 dxc4 6. Qa4 Bxf3 7. gxf3 Qd5 8. Qxc4 Qxf3 9. Rg1 O-O-O 10. Be2 Nxe5 11. Bxf3 Nxc4 12. Ke2 Nf6 13. b3 Ne5 14. Bg2 Nd3 15. Nc3 Nxc1+ 16. Raxc1 c6 17. Nb5 Kb8 18. Nd4 g6 19. Bxc6 Ba3 20. Rc4 bxc6 21. Nxc6+ Kb7 22. Nxd8+ Rxd8 23. Rd1 Re8 24. b4 Bb2 25. f4 Ng4 26. e4 f5 27. e5 Bxe5 28. fxe5 Rxe5+ 29.
Kf3 g5 30. Rd3 Nxh2+ 31. Kg3 Nf1+ 32. Kf2 Nh2 33. a4 Ng4+ 34. Kf3 Nf6 35. Rc5 Re1 36. Kf2 Ne4+ 37. Kxe1 Nxc5
38. bxc5 1-0

[Event "GER-ch Blitz 2019"]
[Site "Magdeburg"]
[Date "2019.05.25"]
[Round "19.10"]
[White "Zuyev, Igor"]
[Black "Braeuer, Franz"]
[Result "1/2-1/2"]
[ECO "B23"]
[WhiteElo "2447"]
[BlackElo "2445"]
[Annotator "NA"]
[PlyCount "37"]
[EventDate "2019.05.25"]
[EventType "tourn"]
[EventCountry "GER"]
[Tiebreak "Number of wins+Number of black wins"]
[SourceTitle "playchess.com"]
[Source "ChessBase"]
[SourceQuality "1"]
[TimeControl "180+2"]

1. e4 c5 2. Nc3 e6 3. f4 Nc6 4. Nf3 Nge7 5. Bb5 a6 6. Bxc6 Nxc6 7. O-O d6 8. d3 Be7 9. Be3 O-O 10. d4 cxd4 11. Nxd4 Bd7 12. Nf3 Qc7 13. Qd3 Rac8 14. a3 Na5 15. Bd4 Nc6 16. Be3 Na5 17.
Bd4 Nc6 18. Bf2 Na5 19. Bd4 1/2-1/2

[Event "GER-ch Blitz 2019"]
[Site "Magdeburg"]
[Date "2019.05.25"]
[Round "19.11"]
[White "Ehmann, Thilo"]
[Black "Stein, Robert"]
[Result "0-1"]
[ECO "C95"]
[WhiteElo "2291"]
[BlackElo "2318"]
[Annotator "NA"]
[PlyCount "98"]
[EventDate "2019.05.25"]
[EventType "tourn"]
[EventCountry "GER"]
[Tiebreak "Number of wins+Number of black wins"]
[SourceTitle "playchess.com"]
[Source "ChessBase"]
[SourceQuality "1"]
[TimeControl "180+2"]

1. e4 e5 2. Nf3 Nc6 3. Bb5 a6 4. Ba4 Nf6 5. O-O Be7 6. Re1 b5 7. Bb3 d6 8. c3 O-O 9. h3 Nb8 10. d4 Nbd7 11. Nbd2 Bb7 12. Bc2 Re8 13. Nf1 Bf8 14. Ng3 g6 15. a4 c5 16. d5 c4 17. Bg5 Bg7 18.
Qd2 Nc5 19. Nh2 bxa4 20. Bxa4 Nxa4 21. Rxa4 Qc7 22. Bh6 Bh8 23. Qe2 Rec8 24. Ngf1 Nd7 25. Ne3 Nc5 26. Rxc4 a5 27. b4 Ba6 28. bxc5 Bxc4 29. Nxc4 Qxc5 30. Ne3 Qxc3 31. Rf1 a4 32. Qg4 a3 33. Nf5 Qc7 34. Bg5 f6 35. Nh6+ Kg7 36. Bxf6+ Kxf6 37. f4 Kg7 38. Nf5+ Kf8 39. fxe5 Bxe5 40. Nxd6+ Kg7 41.
Nxc8 Qxc8 42. Qg5 Bd4+ 43. Kh1 Qd8 44. Qd2 Qb6 45. Ng4 a2 46. Qh6+ Kg8 47. e5 Bxe5 48.
Nxe5 a1=Q 49. Rxa1 Rxa1+ 0-1

[Event "GER-ch Blitz 2019"]
[Site "Magdeburg"]
[Date "2019.05.25"]
[Round "19.12"]
[White "Schmaltz, Roland"]
[Black "Kopylov, Michael"]
[Result "1-0"]
[ECO "B02"]
[WhiteElo "2461"]
[BlackElo "2413"]
[Annotator "ChessBase"]
[PlyCount "101"]
[EventDate "2019.05.25"]
[EventType "tourn"]
[EventCountry "GER"]
[Tiebreak "Number of wins+Number of black wins"]
[SourceTitle "playchess.com"]
[Source "ChessBase"]
[SourceQuality "1"]
[TimeControl "180+2"]

1. e4 Nf6 2. d3 d5 3. Nd2 g6 4. Ngf3 Bg7 5. Be2 O-O 6. O-O c5 7. Re1 Nc6 8. Bf1 e5 9. c3 Re8 10.
exd5 Nxd5 11. a4 h6 12. Nc4 Qc7 13. g3 Be6 14. a5 Rad8 15.
Qa4 Kh7 16. Nfd2 f5 17. Bg2 Bf7 18. Nb3 b6 19. Na3 Nde7 20.
Bf1 Bxb3 21. Qxb3 Nxa5 22.
Qa4 Qd7 23. Qc2 Nac6 24. Nc4 Nd5 25. h4 Nf6 26. Qa4 Ng4 27.
Bg2 Ne7 28. Qxd7 Rxd7 29. f3 Nf6 30. Nxe5 Rc7 31.
Bf4 Ned5 32. Bd2 f4 33. g4 Rce7 34. Nc4 Re2 35. Kf1 R2e7 36.
Rxe7 Rxe7 37. Kf2 Rd7 38. Bf1 a5 39. Re1 a4 40. Re6 b5 41.
Ne5 Rb7 42. d4 cxd4 43. Bd3 dxc3 44. Bxg6+ Kg8 45. bxc3 a3 46. Ra6 b4 47. cxb4 Bf8 48. g5 hxg5 49. hxg5 Nd7 50. Be4 Nxe5 51. Bxd5+ 1-0

[Event "GER-ch Blitz 2019"]
[Site "Magdeburg"]
[Date "2019.05.25"]
[Round "19.13"]
[White "Kirchner, Thomas"]
[Black "Kopylov, Daniel"]
[Result "1-0"]
[ECO "B50"]
[WhiteElo "2311"]
[BlackElo "2263"]
[Annotator "NA"]
[PlyCount "91"]
[EventDate "2019.05.25"]
[EventType "tourn"]
[EventCountry "GER"]
[Tiebreak "Number of wins+Number of black wins"]
[SourceTitle "playchess.com"]
[Source "ChessBase"]
[SourceQuality "1"]
[TimeControl "180+2"]

1. e4 c5 2. Nf3 d6 3. Bc4 Nc6 4. O-O Nf6 5. Re1 e6 6. d3 Be7 7. c3 Rb8 8. Bb3 O-O 9. Bf4 e5 10. Be3 h6 11. h3 d5 12. Bc2 d4 13.
Bc1 Be6 14. Nbd2 b5 15. Nf1 c4 16. Ng3 Qc7 17. Qe2 Rfd8 18.
cxd4 exd4 19. Bd2 Rbc8 20. Rac1 Qd7 21. a3 a5 22. e5 Nd5 23.
Ne4 c3 24. bxc3 dxc3 25. Nxc3 Nxc3 26. Bxc3 Bxa3 27. Rcd1 b4 28. Ba1 b3 29. Bb1 Bb4 30. Rf1 a4 31. d4 Ne7 32. Bd3 a3 33.
Rb1 b2 34. Bxb2 axb2 35. Rxb2 Bc3 36. Rc2 Bxd4 37. Rxc8 Qxc8 38. Rd1 g6 39. Qd2 Kg7 40. Qf4 Ng8 41. Nxd4 Rd5 42. Bc4 Rd8 43. Bxe6 fxe6 44. Nxe6+ Qxe6 45. Rxd8 Ne7 46. Qf8+ 1-0

[Event "GER-ch Blitz 2019"]
[Site "Magdeburg"]
[Date "2019.05.25"]
[Round "19.14"]
[White "Zelbel, Patrick"]
[Black "Heidrich, Manfred"]
[Result "1/2-1/2"]
[ECO "B22"]
[WhiteElo "2439"]
[BlackElo "2351"]
[Annotator "NA"]
[PlyCount "75"]
[EventDate "2019.05.25"]
[EventType "tourn"]
[EventCountry "GER"]
[Tiebreak "Number of wins+Number of black wins"]
[SourceTitle "playchess.com"]
[Source "ChessBase"]
[SourceQuality "1"]
[TimeControl "180+2"]

1. e4 c5 2. c3 Nf6 3. e5 Nd5 4. Bc4 Nb6 5. Bb3 d6 6. exd6 Qxd6 7. Nf3 Nc6 8.
O-O e5 9. Re1 Be7 10. Qe2 Bf6 11. Na3 O-O 12. d3 a6 13. Be3 Bd7 14. Rad1 Rfe8 15. Nd2 Qf8 16. Qf3 Be6 17. Ne4 Bxb3 18. Nxf6+ gxf6 19. axb3 Re6 20. Qh5 Kh8 21. Bh6 Qg8 22. Be3 Nd7 23. Nc2 Qg6 24. Qxg6 hxg6 25. f4 exf4 26. Bxf4 Rae8 27. Kf2 Kg7 28. h3 g5 29. Bd2 Nde5 30. Bc1 Rd8 31. Re3 Ng6 32. Rxe6 fxe6 33. Be3 b6 34.
d4 cxd4 35. Nxd4 Nxd4 36. Rxd4 Rxd4 37. Bxd4 b5 38.
g3 1/2-1/2

[Event "GER-ch Blitz 2019"]
[Site "Magdeburg"]
[Date "2019.05.25"]
[Round "19.15"]
[White "Svane, Frederik"]
[Black "Schulze, Marc"]
[Result "1/2-1/2"]
[ECO "B39"]
[WhiteElo "2342"]
[BlackElo "2220"]
[Annotator "NA"]
[PlyCount "86"]
[EventDate "2019.05.25"]
[EventType "tourn"]
[EventCountry "GER"]
[Tiebreak "Number of wins+Number of black wins"]
[SourceTitle "playchess.com"]
[Source "ChessBase"]
[SourceQuality "1"]
[TimeControl "180+2"]

1. e4 c5 2. Nf3 g6 3. d4 cxd4 4. Nxd4 Bg7 5. c4 Nc6 6. Be3 Nf6 7. Nc3 Ng4 8. Qxg4 Nxd4 9. Qd1 e5 10. Be2 O-O 11. O-O d6 12. Nd5 h6 13. Bxd4 exd4 14. Qd3 Be6 15. Rfe1 Bxd5 16. exd5 Qh4 17. Bf3 Rfe8 18. g3 Qf6 19. Kg2 Re7 20. Rxe7 Qxe7 21. Qe2 Qxe2 22. Bxe2 b6 23. Bd3 Re8 24. Kf3 Re5 25. h4 h5 26. b4 Re8 27. a4 Bh6 28.
Ra2 Rb8 29. a5 bxa5 30. b5 Rb7 31. Rxa5 Bd2 32. Ra6 Bb4 33.
Rc6 Bc5 34. Ke2 Kg7 35. Kd1 Rb6 36. Rc7 a6 37. Rc6 axb5 38.
cxb5 Rb8 39. Kc2 Ra8 40. Kb3 Ra3+ 41. Kc2 Ra2+ 42. Kb3 Rxf2 43. b6 Rf3 1/2-1/2

[Event "GER-ch Blitz 2019"]
[Site "Magdeburg"]
[Date "2019.05.25"]
[Round "20.1"]
[White "Hebbinghaus, Holger"]
[Black "Gustafsson, Jan"]
[Result "1/2-1/2"]
[ECO "B13"]
[WhiteElo "2310"]
[BlackElo "2639"]
[Annotator "ChessBase"]
[PlyCount "110"]
[EventDate "2019.05.25"]
[EventType "tourn"]
[EventCountry "GER"]
[Tiebreak "Number of wins+Number of black wins"]
[SourceTitle "playchess.com"]
[Source "ChessBase"]
[SourceQuality "1"]
[TimeControl "180+2"]

1. e4 c6 2. d4 d5 3. exd5 cxd5 4. Bf4 Nc6 5. c3 Nf6 6. Nd2 g6 7. Be2 Bg7 8. h3 O-O 9. Ngf3 Bf5 10. O-O Rc8 11. Re1 Ne4 12. Bf1 Re8 13.
Nxe4 Bxe4 14. Nd2 Bf5 15. Nb3 Qb6 16. Qd2 Na5 17. Nxa5 Qxa5 18. Be5 f6 19. Bf4 e5 20. dxe5 fxe5 21. Bg5 d4 22. cxd4 Qxd2 23. Bxd2 exd4 24. Rxe8+ Rxe8 25. Bc4+ Kh8 26. Bb5 Re5 27. a4 h5 28. Kf1 d3 29. Bc3 Re2 30. Rd1 Bxc3 31. bxc3 Ra2 32. Bxd3 Bxd3+ 33. Rxd3 Rxa4 34. Rd8+ Kg7 35. Rd7+ Kf6 36. Rxb7 a5 37. Ke2 Ra2+ 38. Ke3 a4 39. Ra7 h4 40. Ra5 a3 41. g3 hxg3 42. fxg3 Ra1 43. Kf3 a2 44. Kg2 Kg7 45. h4 Kf6 46. g4 Kf7 47. Ra6 Kg7 48. h5 gxh5 49.
gxh5 Kh7 50. c4 Rc1 51. Rxa2 Rxc4 52. Ra6 Rc5 53. h6 Rh5 54. Kg3 Rxh6 55. Rxh6+ Kxh6 1/2-1/2

[Event "GER-ch Blitz 2019"]
[Site "Magdeburg"]
[Date "2019.05.25"]
[Round "20.2"]
[White "Krause, Benedict"]
[Black "Barzen, Pascal"]
[Result "1-0"]
[ECO "B17"]
[WhiteElo "2434"]
[BlackElo "2292"]
[Annotator "NA"]
[PlyCount "107"]
[EventDate "2019.05.25"]
[EventType "tourn"]
[EventCountry "GER"]
[Tiebreak "Number of wins+Number of black wins"]
[SourceTitle "playchess.com"]
[Source "ChessBase"]
[SourceQuality "1"]
[TimeControl "180+2"]

1. e4 c6 2. d4 d5 3. Nd2 dxe4 4. Nxe4 Nd7 5. Ng5 Ngf6 6. Bd3 e6 7. N1f3 Bd6 8. Qe2 h6 9. Ne4 Nxe4 10. Qxe4 Qc7 11. Bd2 b6 12. O-O-O Bb7 13. Qe2 O-O-O 14. Kb1 Kb8 15. Rhe1 c5 16. Be4 Nf6 17. Bxb7 Qxb7 18. dxc5 Bxc5 19. Bf4+ Ka8 20. Ne5 Rd5 21.
Rxd5 Nxd5 22. Bg3 Rc8 23. Rd1 f6 24. Nd3 e5 25. Nxc5 Rxc5 26.
f3 Rc8 27. Qe4 Ne7 28. Rd7 Qxe4 29. fxe4 Re8 30. Be1 a5 31. Bf2 f5 32. Bxb6 fxe4 33. Kc1 Nf5 34. Kd2 Re6 35. Bxa5 Rg6 36. g3 h5 37. Bc3 h4 38. Bxe5 hxg3 39. hxg3 Rh6 40. g4 Nh4 41. Ke3 Re6 42. Kxe4 Rc6 43.
Bc3 Rc4+ 44. Kd5 Rxg4 45.
Rxg7 Rf4 46. Re7 Nf5 47. Re4 Rf2 48. a4 Rxc2 49. a5 Kb7 50.
Kc5 Rc1 51. Re5 Ng3 52. Kb5 Ra1 53. a6+ Ka8 54. Kb6 1-0

[Event "GER-ch Blitz 2019"]
[Site "Magdeburg"]
[Date "2019.05.25"]
[Round "20.3"]
[White "Heistermann, Till"]
[Black "Schneider, Ilja"]
[Result "0-1"]
[ECO "A11"]
[WhiteElo "2181"]
[BlackElo "2494"]
[Annotator "ChessBase"]
[PlyCount "79"]
[EventDate "2019.05.25"]
[EventType "tourn"]
[EventCountry "GER"]
[Tiebreak "Number of wins+Number of black wins"]
[SourceTitle "playchess.com"]
[Source "ChessBase"]
[SourceQuality "1"]
[TimeControl "180+2"]

1. c4 c6 2. Nf3 Nf6 3. e3 d5 4. Nc3 a6 5. b3 Bg4 6. Be2 e6 7. O-O Bd6 8. d4 O-O 9. Bb2 Nbd7 10. h3 Bh5 11. Qc2 Qe7 12. e4 Bg6 13.
Bd3 dxc4 14. bxc4 e5 15. d5 Nc5 16. Rfe1 Rfd8 17. Nh4 Rac8 18. Qe2 cxd5 19. cxd5 b5 20. Nxg6 hxg6 21. Bc2 Nfd7 22. Nd1 Nb6 23. Bb3 Nca4 24. Bxa4 Nxa4 25. Ne3 Bc5 26. Rab1 Bd4 27. Bxd4 exd4 28. Nd1 Nc3 29. Nxc3 dxc3 30. Qc2 Qc5 31. Re3 b4 32. Rd3 a5 33. Rbd1 Qc4 34. e5 a4 35. Rd4 b3 36. axb3 axb3 37. Qe4 c2 38.
Re1 c1=Q 39. Rxc4 Qxc4 40. e6 0-1

[Event "GER-ch Blitz 2019"]
[Site "Magdeburg"]
[Date "2019.05.25"]
[Round "20.4"]
[White "Carow, Johannes"]
[Black "Braeuning, Rudolf Wilhelm"]
[Result "1/2-1/2"]
[ECO "A50"]
[WhiteElo "2445"]
[BlackElo "2285"]
[Annotator "NA"]
[PlyCount "86"]
[EventDate "2019.05.25"]
[EventType "tourn"]
[EventCountry "GER"]
[Tiebreak "Number of wins+Number of black wins"]
[SourceTitle "playchess.com"]
[Source "ChessBase"]
[SourceQuality "1"]
[TimeControl "180+2"]

1. d4 Nf6 2. c4 Nc6 3. Nf3 e6 4. Nc3 Bb4 5. Qc2 d5 6. Bg5 h6 7. Bh4 g5 8. Bg3 g4 9. Ne5 Nxd4 10. Qd1 Bxc3+ 11. bxc3 Nf5 12. e3 h5 13. Bf4 Ne4 14. Qa4+ Bd7 15. Qb3 Nc5 16. Qa3 b6 17. Rd1 c6 18.
cxd5 exd5 19. c4 O-O 20. cxd5 cxd5 21. Rxd5 Qf6 22. Nxd7 Nxd7 23. Qd3 Qa1+ 24. Qd1 Qc3+ 25. Qd2 Qa1+ 26. Ke2 Nf6 27. Rxf5 Rfd8 28. Bd6 Ne4 29. Qd4 Qxd4 30. exd4 Rxd6 31. Ke3 Nf6 32. Bc4 Re8+ 33. Kd3 Red8 34. Kc2 Ne4 35. Rxf7 Kh8 36. Rd1 Rxd4 37. Rxd4 Rxd4 38. Bd3 Nc5 39. Bg6 a5 40. Bxh5 Ra4 41. Rf6 Rxa2+ 42. Kb1 Rd2 43. Bxg4 Ra2 1/2-1/2

[Event "GER-ch Blitz 2019"]
[Site "Magdeburg"]
[Date "2019.05.25"]
[Round "20.5"]
[White "Voege, Tobias"]
[Black "Schulz, Karsten"]
[Result "1-0"]
[ECO "E61"]
[WhiteElo "2294"]
[BlackElo "2227"]
[Annotator "NA"]
[PlyCount "111"]
[EventDate "2019.05.25"]
[EventType "tourn"]
[EventCountry "GER"]
[Tiebreak "Number of wins+Number of black wins"]
[SourceTitle "playchess.com"]
[Source "ChessBase"]
[SourceQuality "1"]
[TimeControl "180+2"]

1. d4 Nf6 2. c4 g6 3. Nc3 Bg7 4. Nf3 O-O 5. Bg5 c5 6. d5 d6 7. e4 b5 8. cxb5 a6 9. bxa6 Qa5 10. Nd2 Bxa6 11. Be2 Nbd7 12. O-O Rfb8 13. Rb1 Ne5 14. f4 Ned7 15. Bxa6 Qxa6 16. b3 Qd3 17. Rf3 Qd4+ 18. Kh1 Qb4 19. Nc4 h6 20. Bh4 Qb7 21. h3 Nb6 22. Nxb6 Qxb6 23. a4 Qb4 24. Qc2 c4 25. bxc4 Qxc4 26. Rxb8+ Rxb8 27. Kh2 Rb3 28. Be1 Rb8 29. Qd2 Rc8 30. e5 Nh5 31. Nb5 Qxa4 32. Nd4 dxe5 33. Nc6 exf4 34. Nxe7+ Kh7 35. Nxc8 Qd7 36. Nb6 Qd6 37. Bf2 Ng3 38. Nc4 Qd8 39. Qxf4 Nf5 40. g4 Nh4 41. Bxh4 Qxh4 42. Qxf7 Qe1 43. Nd6 Qe5+ 44. Qf4 Qe2+ 45. Rf2 Qe7 46. Nc4 Qc5 47. d6 Qc6 48. Kg1 Qa4 49. Ne3 Qa1+ 50. Kg2 Qa7 51. Nd5 Qb7 52. Qf3 Qd7 53. Qf4 Qc6 54. Qe4 Qd7 55. Qe7 Qa4 56. Nf6+ 1-0

[Event "GER-ch Blitz 2019"]
[Site "Magdeburg"]
[Date "2019.05.25"]
[Round "20.6"]
[White "Stern, Rene"]
[Black "Feuerstack, Aljoscha"]
[Result "0-1"]
[ECO "D70"]
[WhiteElo "2538"]
[BlackElo "2441"]
[Annotator "ChessBase"]
[PlyCount "42"]
[EventDate "2019.05.25"]
[EventType "tourn"]
[EventCountry "GER"]
[Tiebreak "Number of wins+Number of black wins"]
[SourceTitle "playchess.com"]
[Source "ChessBase"]
[SourceQuality "1"]
[TimeControl "180+2"]

1. Nf3 d5 2. d4 Nf6 3. c4 c6 4. Nbd2 Bf5 5. Nh4 Be4 6. Qb3 Qc7 7. Nxe4 Nxe4 8. e3 e6 9. Bd3 Be7 10. Nf3 O-O 11. O-O Nd7 12. Qc2 f5 13.
b3 g5 14. Bb2 g4 15. Ne5 Bd6 16. f3 Nef6 17. fxg4 Bxe5 18. dxe5 Nxg4 19. cxd5 Ndxe5 20. dxe6 Nxd3 21. Qxd3 Qxh2# 0-1

[Event "GER-ch Blitz 2019"]
[Site "Magdeburg"]
[Date "2019.05.25"]
[Round "20.7"]
[White "Wichmann, Cliff"]
[Black "Hirneise, Jens"]
[Result "1/2-1/2"]
[ECO "E92"]
[WhiteElo "2280"]
[BlackElo "2375"]
[Annotator "NA"]
[PlyCount "102"]
[EventDate "2019.05.25"]
[EventType "tourn"]
[EventCountry "GER"]
[Tiebreak "Number of wins+Number of black wins"]
[SourceTitle "playchess.com"]
[Source "ChessBase"]
[SourceQuality "1"]
[TimeControl "180+2"]

1. d4 Nf6 2. c4 g6 3. Nc3 Bg7 4. Nf3 O-O 5. e4 d6 6. Be2 e5 7. Be3 Ng4 8. Bg5 f6 9. Bc1 Nc6 10. O-O Nh6 11. dxe5 dxe5 12. Qxd8 Nxd8 13. Be3 Ne6 14. Rad1 c6 15. h3 Nf7 16. c5 Bh6 17. Bxh6 Nxh6 18. Bc4 Kg7 19. b4 a5 20. a3 Nf7 21. Rd2 axb4 22. axb4 Ra3 23. Rc1 Rd8 24. Kf1 Rxd2 25. Nxd2 Nd4 26. Bxf7 Kxf7 27. Nc4 Ra8 28. Nd6+ Ke7 29. Ne2 Nxe2 30. Kxe2 Bd7 31. Rb1 b5 32. Nb7 Ra2+ 33. Ke3 Ra3+ 34. Ke2 Ra2+ 35. Ke3 Ra3+ 36. Ke2 Ra2+ 37. Kf1 f5 38. exf5 gxf5 39. Re1 Kf6 40. Rd1 Be6 41. Rd6 Ke7 42. Kg1 Bd7 43. Na5 Rb2 44. Rh6 Rxb4 45. Rxh7+ Ke8 46. Nb7 Rb1+ 47. Kh2 b4 48. Rh8+ Ke7 49. Rh7+ Ke8 50. Rh8+ Ke7 51. Rh7+ Ke8 1/2-1/2

[Event "GER-ch Blitz 2019"]
[Site "Magdeburg"]
[Date "2019.05.25"]
[Round "20.8"]
[White "Frischmann, Rick"]
[Black "Koch, Thomas"]
[Result "1/2-1/2"]
[ECO "B52"]
[WhiteElo "2320"]
[BlackElo "2474"]
[Annotator "ChessBase"]
[PlyCount "80"]
[EventDate "2019.05.25"]
[EventType "tourn"]
[EventCountry "GER"]
[Tiebreak "Number of wins+Number of black wins"]
[SourceTitle "playchess.com"]
[Source "ChessBase"]
[SourceQuality "1"]
[TimeControl "180+2"]

1. e4 c5 2. Nf3 d6 3. Bb5+ Bd7 4. Bxd7+ Qxd7 5. c4 Nf6 6. Nc3 Nc6 7. d4 cxd4 8. Nxd4 e6 9. O-O Be7 10.
Be3 O-O 11. h3 Rac8 12. b3 b6 13. Rc1 Rfd8 14. Nxc6 Qxc6 15. Qd3 Nd7 16. Rfd1 Nc5 17. Qc2 Qb7 18. b4 Nd7 19. Nb5 Nf6 20.
Bg5 d5 21. Bxf6 Bxf6 22. exd5 exd5 23. Qe2 a6 24. Nc3 dxc4 25. Rxd8+ Rxd8 26. Qxc4 Rc8 27. Qd3 g6 28. Rc2 Rd8 29. Qe2 Rd4 30. Rd2 Kg7 31. Rxd4 Bxd4 32. Ne4 Qd5 33. a3 b5 34. h4 Qe5 35. Qf3 Qe7 36. g3 h6 37. Kg2 h5 38. Ng5 Bf6 39.
Ne4 Be5 40. Ng5 Bf6 1/2-1/2

[Event "GER-ch Blitz 2019"]
[Site "Magdeburg"]
[Date "2019.05.25"]
[Round "20.9"]
[White "Baskin, Robert"]
[Black "Zuyev, Igor"]
[Result "1-0"]
[ECO "A45"]
[WhiteElo "2398"]
[BlackElo "2447"]
[Annotator "NA"]
[PlyCount "79"]
[EventDate "2019.05.25"]
[EventType "tourn"]
[EventCountry "GER"]
[Tiebreak "Number of wins+Number of black wins"]
[SourceTitle "playchess.com"]
[Source "ChessBase"]
[SourceQuality "1"]
[TimeControl "180+2"]

1. d4 Nf6 2. Bf4 c5 3. e3 cxd4 4. exd4 Qb6 5. Nc3 Nc6 6.
Nf3 e5 7. dxe5 Ng4 8. Qd2 Bc5 9. Bg3 O-O 10. Na4 Qb4 11. Nxc5 Qxc5 12. O-O-O Ngxe5 13. Nxe5 Nxe5 14. Qd5 Qxd5 15. Rxd5 d6 16. Rxd6 Nc6 17. Bc4 Re8 18. Rhd1 Bf5 19. c3 Rac8 20. Bd3 Bxd3 21. R6xd3 f6 22. Rd7 b6 23. Rb7 Re7 24. Rxe7 Nxe7 25. Rd7 Nc6 26. Kd2 Rd8 27. Rxd8+ Nxd8 28. Kd3 Kf7 29. Kc4 Ke6 30. Kb5 Kd7 31. Ka6 Nc6 32. Kb7 b5 33. Ka6 b4 34. c4 Ke6 35. f3 h5 36.
Bf2 Kd7 37. Bxa7 h4 38. Bf2 h3 39. gxh3 Ne5 40. Kb5 1-0